 Dungeon Crawl Stone Soup version 0.28-a0-750-g7c675f85b1 (webtiles) character file.

Game seed: 11547967603573565888

3484 bande the Cleaver (level 10, -4/61 HPs)
             Began as a Gargoyle Fighter on Oct 30, 2021.
             Was a Believer of Okawaru.
             Killed from afar by an acid dragon (16 damage)
             ... with a splash of acid
             ... on level 9 of the Dungeon.
             The game lasted 00:16:30 (8014 turns).

bande the Cleaver (Gargoyle Fighter)                Turns: 8014, Time: 00:16:31

Health: -4/61      AC: 14    Str: 20    XL:     10   Next: 7%
Magic:  10/10      EV:  7    Int: 10    God:    Okawaru [**....]
Gold:   444        SH:  0    Dex: 11    Spells: 9/9 levels left

rFire   . . .      SeeInvis +   a - +1 war axe
rCold   . . .      Faith    .   c - +0 buckler
rNeg    + . .      Spirit   .   x - +0 plate armour
rPois   ∞          Reflect  .   (no helmet)
rElec   +          Harm     .   (no cloak)
rCorr   .          Rampage  .   (no gloves)
Will    +....                   (no boots)
Stlth   ..........              g - amulet of regeneration
HPRegen 1.20/turn               i - +4 ring of evasion
MPRegen 0.12/turn               f - ring of see invisible

@: confused, ambrosia-drunk, marked, corroded, held, studying 2 skills
A: sickness immunity, AC +7, negative energy resistance 1, electricity
resistance, torment resistance 1, petrification resistance, iridescent scales 1,
strong-willed 1, evolution 1
a: Renounce Religion, Heroism


You were on level 9 of the Dungeon.
You worshipped Okawaru.
Okawaru was pleased with you.
You visited 2 branches of the dungeon, and saw 10 of its levels.

You collected 444 gold pieces.

Inventory:

Hand Weapons
 a - a +1 war axe (weapon)
 l - a +0 flail
 y - a +4 mace
Armour
 c - a +0 buckler (worn)
 x - a +0 plate armour (worn)
Jewellery
 f - a ring of see invisible (right hand)
 g - an amulet of regeneration (around neck)
 h - a ring of fire
 i - a +4 ring of evasion (left hand)
 j - an amulet of guardian spirit
 v - a +4 ring of protection
 B - a ring of positive energy
Wands
 r - a wand of iceblast (9)
 u - a wand of flame (28)
Scrolls
 e - a scroll of fog
 q - 2 scrolls of magic mapping
 z - a scroll of fear
 A - a scroll of enchant armour {unknown}
 C - 2 scrolls of identify
Potions
 b - 3 potions of magic
 d - 3 potions of might
 k - 3 potions of brilliance
 n - 2 potions of haste
 o - a potion of degeneration {unknown}
 p - 4 potions of curing
 s - a potion of flight {unknown}
 t - 2 potions of attraction {unknown}
 w - a potion of cancellation {unknown}


   Skills:
 + Level 6.4 Fighting
 + Level 9.1 Axes
 + Level 7.4 Armour
 + Level 6.1 Shields
 * Level 3.5 Evocations


You had 9 spell levels left.
You didn't know any spells.
Your spell library contained the following spells:

 Spells                   Type           Power      Damage    Failure   Level
 Pain                     Necr           0%         1d4       100%        1
 Blink                    Tloc           0%         N/A       100%        2
 Vampiric Draining        Necr           0%         2d6       100%        3
 Manifold Assault         Tloc           0%         N/A       100%        5
 Storm Form               Tmut/Air       0%         N/A       100%        7
 Animate Skeleton         Necr           Unusable   N/A       N/A         1

Dungeon Overview and Level Annotations

Branches:
Dungeon (9/15)             Temple (1/1) D:7
   Lair: D:8-11         Orc: D:9-12

Altars:
Elyvilon
Fedhas
Gozag
Hepliaklqana
Makhleb
Nemelex Xobeh
Okawaru
Qazlal
Ru
Sif Muna
Trog
Uskayaw
Vehumet
Xom
Yredelemnul

Shops:
D:1 [   D:6 ?

Annotations:
D:6 1 runed translucent door, Rennog's ghost, novice DgWn
D:9 Harold


Innate Abilities, Weirdness & Mutations

You are immune to sickness and miasma.
Your stone body is resilient. (AC +7)
You are immune to poison.
You resist negative energy. (rN+)
You are resistant to electric shocks. (rElec)
You are resistant to unholy torment.
You are immune to petrification.
You are partially covered in iridescent scales. (AC +2)
You are strong-willed. (Will+)
You have hidden genetic potential.


Message History

Harold the Weathered comes into view.
He is wielding a +2 battleaxe of flaming.
Harold shouts!
The acid dragon bites you. You block the acid dragon's attack.
You slash the acid dragon!
The acid dragon is moderately wounded.
The acid dragon closely misses you.
The acid dragon claws you but does no damage.
You slash the acid dragon!
The acid dragon is severely wounded.
The acid dragon spits acid at you. The splash of acid hits you!
You completely miss the acid dragon.
The acid dragon is severely wounded.
The acid dragon bites you but does no damage.
You block the acid dragon's attack.
You closely miss the acid dragon.
The acid dragon is severely wounded.
The acid dragon closely misses you. The acid dragon claws you.
Harold casts a spell at you.
You barely resist. The acid dragon spits acid at you.
The splash of acid hits you!! The acid corrodes you!
Harold casts a spell at you. A sentinel's mark forms upon you.
Harold shouts, "Can you die now?
I had plans for the rest of the day!"
The acid dragon spits acid at you. The splash of acid hits you!!
* * * LOW HITPOINT WARNING * * *
The acid corrodes you!
Harold says, "Try to look on the bright side.
Your death will help put my children through school."
Harold throws a throwing net.
The throwing net hits you.
You become entangled in the net!
You see here a throwing net.
You struggle against the net.
Unknown command.
You are confused.
You feel invigorated. The acid dragon spits acid at you.
The splash of acid hits you!
You die...

# ##### ### #
#...# #.# # #...#
#.# # #...######.#
#######..........#
.................#
....############@#
....############.#
................D#
.................#
########.......@.#
........#
........# ##
......).# ..
........#


You could see Harold and an acid dragon (catching breath).

Vanquished Creatures
  A two-headed ogre (D:9)
  A water moccasin (D:7)
  An ice beast (D:6)
  An orc warrior (D:7)
  A sky beast (D:7)
  A black bear (D:6)
  3 ogres
  3 centaurs
  Blork the orc (D:6)
  A gnoll sergeant (D:8)
  2 scorpions
  4 killer bees (D:9)
  8 wights (D:8)
  A vampire bat (D:3)
  An electric eel (D:9)
  A bullfrog zombie (D:6)
  3 hounds
  2 jellies
  A bullfrog skeleton (D:5)
  2 centaur zombies
  A gnoll shaman (D:8)
  6 orc priests
  A centaur skeleton (D:6)
  4 iguanas
  4 orc wizards
  A killer bee zombie (D:6)
  10 gnolls
  9 adders
  3 shadow imps
  3 dart slugs
  3 fire bats (D:3)
  23 orcs
  2 spectral bats (D:3)
  17 bats
  3 bat skeletons (D:3)
  A bat zombie (D:3)
  8 endoplasms
  4 giant cockroaches
  9 goblins
  4 hobgoblins
  6 jackals
  7 quokkas
  5 ball pythons
  A bat simulacrum (D:3)
  8 frilled lizards
  8 kobolds
  2 rats
192 creatures vanquished.

Vanquished Creatures (others)
  5 plants (D:8)
5 creatures vanquished.

Grand Total: 197 creatures vanquished

Notes
Turn   | Place    | Note
-------+----------+-------------------------------------------
     0 | D:1      | bande the Gargoyle Fighter began the quest for the Orb.
     0 | D:1      | Reached XP level 1. HP: 14/14 MP: 1/1
    22 | D:1      | Found Wugig's Armour Shop.
   107 | D:1      | Reached XP level 2. HP: 15/19 MP: 2/2
   304 | D:1      | Reached skill level 2 in Axes
   318 | D:1      | Found a faded altar of an unknown god.
   443 | D:1      | Reached XP level 3. HP: 20/23 MP: 3/3
  1027 | D:2      | Reached XP level 4. HP: 29/29 MP: 4/4
  1030 | D:2      | You fall into a shaft and drop 2 floors!
  1091 | D:4      | Noticed a scorpion
  1099 | D:4      | Killed a scorpion
  1100 | D:4      | Reached skill level 3 in Axes
  1100 | D:4      | Reached XP level 5. HP: 31/33 MP: 5/5
  1130 | D:4      | Found a hazy altar of Hepliaklqana.
  1361 | D:3      | Noticed an ogre
  1364 | D:3      | Killed an ogre
  1430 | D:2      | Reached XP level 6. HP: 38/38 MP: 6/6
  1791 | D:2      | Reached skill level 4 in Axes
  2200 | D:3      | Found a shimmering altar of Xom.
  3110 | D:4      | Found a radiant altar of Vehumet.
  3147 | D:4      | Reached XP level 7. HP: 44/44 MP: 7/7
  3264 | D:4      | Reached skill level 5 in Axes
  3681 | D:5      | Entered Level 5 of the Dungeon
  4086 | D:5      | Reached skill level 5 in Armour
  4399 | D:5      | Gained mutation: You are partially covered in iridescent
                  | scales. (AC +2) [potion of mutation]
  4399 | D:5      | Gained mutation: You have hidden genetic potential. [potion
                  | of mutation]
  4648 | D:6      | Noticed Rennog's ghost (novice DgWn)
  4651 | D:6      | Found a runed translucent door.
  4686 | D:6      | Noticed Blork the orc
  4690 | D:6      | Reached skill level 6 in Axes
  4690 | D:6      | Reached XP level 8. HP: 29/48 MP: 8/8
  4691 | D:6      | Reached skill level 5 in Shields
  4719 | D:5      | Reached skill level 5 in Fighting
  4720 | D:5      | Gained mutation: You have great hidden genetic potential.
                  | [hidden potential]
  4738 | D:6      | Killed Blork the orc
  4987 | D:6      | Reached skill level 7 in Axes
  4991 | D:6      | Found Zyutub's Magic Scroll Shop.
  5926 | D:7      | Found a staircase to the Ecumenical Temple.
  5984 | Temple   | Entered the Ecumenical Temple
  6024 | Temple   | Became a worshipper of Warmaster Okawaru
  6206 | D:7      | Reached skill level 1 in Evocations
  6212 | D:7      | Reached XP level 9. HP: 45/54 MP: 9/9
  7035 | D:8      | Gained mutation: You are strong-willed. (Will+) [hidden
                  | potential]
  7035 | D:8      | Lost mutation: You have great hidden genetic potential.
                  | [hidden potential expressed]
  7115 | D:8      | Reached * piety under Okawaru
  7118 | D:8      | Reached skill level 8 in Axes
  7482 | D:8      | Noticed a komodo dragon
  7567 | D:9      | Noticed a two-headed ogre
  7579 | D:9      | Killed a two-headed ogre
  7579 | D:9      | Reached ** piety under Okawaru
  7850 | D:9      | Reached skill level 9 in Axes
  7850 | D:9      | Reached XP level 10. HP: 42/61 MP: 10/10
  8002 | D:9      | Noticed Harold
  8014 | D:9      | Killed from afar by an acid dragon

Illustrated notes

Levels and vault maps discovered:
D:1:      nicolae_arrival_somewhat_less_tricky_arrival, layout_rooms,
          serial_shops, shop, shapermc_ecumenical_altar_pompeii, minmay_tripent
D:2:      cheibrodos_pilgrimage, layout_loops_cross, hangedman_decor_lopped
D:3:      layout_basic, amcnicky_altar_gilded, goddamned_bats
D:4:      layout_cave_pods, mainiacjoe_overflow_catwalk,
          mainiacjoe_overflow_boulevard, minmay_circle_x
D:5:      layout_loops_ring
D:6:      layout_gridville, hellmonk_ghost_happy_afterlife, serial_shops,
          kennysheep_mini_moat, uniq_blork_the_orc
D:7:      layout_loops_corners, temple_doors_e, serial_bayou_pond_c
D:8:      cheibrodos_elevator_heist, layout_rooms, minmay_lizard_king
D:9:      layout_long_grid, mainiacjoe_overflow_small_starburst,
          minmay_crystal_water, chequers_serial_rivers_micro_b, uniq_harold
Temple:   eino_narrow_crystal_temple

Skill      XL: |  1  2  3  4  5  6  7  8  9 |
---------------+----------------------------+-----
Axes           | 2 3 4 6 7 9 |  9.1
Armour         | 4 5 6 7 |  7.4
Shields        | 4 5 6 |  6.1
Fighting       | 4 5 6 |  6.4
Evocations     | 1 3 |  3.5

Action                   |  1- 3 |  4- 6 |  7- 9 | 10-12 || total
-------------------------+-------+-------+-------+-------++-------
Melee: War axe           |   121 |   173 |   356 |    25 ||   675
  Use: Scroll            |       |     7 |     9 |       ||    16
       Potion            |       |       |     1 |     1 ||     2
Armor: Scale mail        |    74 |    92 |    18 |       ||   184
       Chain mail        |       |       |    94 |       ||    94
       Plate armour      |       |       |   135 |    29 ||   164
Dodge: Dodged            |    65 |   189 |   246 |    20 ||   520
Block: Buckler           |    30 |    62 |   118 |     9 ||   219

Table legend: (Time is in decaauts)
 A = Elapsed time spent in this place.
 B = Non-inter-level travel time spent in this place.
 C = Inter-level travel time spent in this place.
 D = Time resting spent in this place.
 E = Time spent auto-exploring this place.
 F = Levels seen in this place.
 G = Mean time per level.
                   A        B        C        D        E       F      G
               +--------+--------+--------+--------+--------+-----+--------+
         Total |   8177 |   7895 |    282 |    977 |   4970 |  10 |  817.7 |
       Dungeon |   8121 |   7853 |    268 |    977 |   4941 |   9 |  902.3 |
        Temple |     55 |     41 |     14 |      0 |     29 |   1 |   55.0 |
               +--------+--------+--------+--------+--------+-----+--------+

Top non-repeatable levels by time:
     D:7: 1388 daAuts
     D:4: 1264 daAuts
     D:3: 978 daAuts
     D:1: 949 daAuts
     D:2: 880 daAuts
     D:6: 817 daAuts
     D:5: 718 daAuts
     D:8: 652 daAuts
     D:9: 472 daAuts
  Temple: 55 daAuts
